 Dungeon Crawl Stone Soup version 0.31-a0-702-gf82c85558f (webtiles) character file.

Game seed: 7504827846482373612

317 qw the Shooter (level 6, -5/39 HPs)
             Began as a Gargoyle Hunter on Sept 8, 2023.
             Killed from afar by an orc wizard (9 damage)
             ... with a puff of flame
             ... on level 4 of the Dungeon.
             The game lasted 00:00:54 (2399 turns).

qw the Shooter (Gargoyle Hunter)                    Turns: 2399, Time: 00:00:54

Health: -5/39      AC:  9    Str: 24    XL:     6   Next: 45%
Magic:  6/6        EV: 16    Int: 11    God:
Gold:   229        SH:  0    Dex: 15    Spells: 5/5 levels left

rFire   x . .        c - +1 sling of Broken Luck {speed, rF- rCorr Str+9 Int+2}
rCold   . . .        (no shield)
rNeg    + . .        f - +0 ring mail
rPois   inf          (no helmet)
rElec   +            (no cloak)
rCorr   +            (no gloves)
SInv    .            (no boots)
Will    .....        (no amulet) Stlth
                     i - +5 ring of evasion
HPRegen 0.26/turn    (no ring)
MPRegen 0.10/turn

%: no passive effects
@: confused
A: sickness immunity, AC +4, negative energy resistance 1, electricity
resistance, torment resistance 1, petrification resistance
a: no special abilities


You were on level 4 of the Dungeon.
You visited 1 branch of the dungeon, and saw 4 of its levels.

You collected 229 gold pieces.


Innate Abilities, Weirdness & Mutations

You are immune to sickness and miasma.
Your stone body is resilient. (AC +4)
You are immune to poison.
You resist negative energy. (rN+)
You are resistant to electric shocks. (rElec)
You are resistant to unholy torment.
You are immune to petrification.


   Skills:
 - Level 4.4 Fighting
 + Level 6.1 Ranged Weapons
 - Level 2.2 Armour
 - Level 1.5 Dodging
 - Level 1.1 Stealth


You had 5 spell levels left.
You didn't know any spells.
Your spell library was empty.

Inventory:

Hand Weapons
 c - the +1 sling of Broken Luck (weapon) {speed, rF- rCorr Str+9 Int+2}
   (You found it on level 3 of the Dungeon)

   Str+9:     It affects your strength (+9).
   Int+2:     It affects your intelligence (+2).
   rF-:       It makes you vulnerable to fire.
   rCorr:     It protects you from acid and corrosion.
 k - a +0 shortbow
Armour
 f - a +0 ring mail (worn)
Jewellery
 i - a +5 ring of evasion (left hand)
Scrolls
 g - a scroll of identify
 h - a scroll of teleportation
Potions
 a - a potion of invisibility {unknown}
 b - a potion of heal wounds {unknown}
 d - a potion of lignification {unknown}
 e - a potion of degeneration {unknown}
 j - a potion of magic {unknown}
 m - a potion of cancellation {unknown}

Dungeon Overview and Level Annotations

Branches:
Dungeon (4/15)
 Temple: D:4-7

Altars:

Annotations:
D:3 1 runed translucent door, Crazy Yiuf


Message History

You shoot a sling bullet. Something hits you but does no damage.
You shoot a sling bullet. Something barely misses you.
You shoot a sling bullet. Something hits you but does no damage.
You shoot a sling bullet. You shoot a sling bullet.
You hear some strange, mumbled words.
A magic dart appears from out of thin air!
The magic dart hits you.
You shoot a sling bullet. Something hits you.
You shoot a sling bullet. Something hits you but does no damage.
You shoot a sling bullet. You shoot a sling bullet. Something hits you.
You shoot a sling bullet. Something hits you.
You shoot a sling bullet. Something hits you but does no damage.
You shoot a sling bullet. Something barely misses you.
You shoot a sling bullet. Something hits you but does no damage.
You shoot a sling bullet. You shoot a sling bullet.
You hear some strange, mumbled words.
You are confused.
You shoot a sling bullet. Something hits you but does no damage.
You shoot a sling bullet. Something hits you but does no damage.
You shoot a sling bullet.
An orc wizard appears from thin air!
Reactivating autopickup.
The orc wizard gestures at you while chanting.
The puff of flame hits you! The fire burns you terribly!
You die...

##.....## #.<.....#
..######.......#
#..............#.#
#########.>...##.#
########.....##.#
<.............#.#
#######....)).#.###
..######....@o.....#
#............).....#
##########.........#
######..### ####...#
#oo..#.#
#....o####.# ....)
.. ..## ..


You could see an orc wizard.

Vanquished Creatures
  Pargi (D:2)
  An ogre (D:4)
  Jessica (D:2)
  3 gnolls (D:3)
  4 adders
  2 worms (D:2)
  5 orcs (D:4)
  4 bats
  4 endoplasms
  2 giant cockroaches
  5 goblins
  2 hobgoblins
  4 quokkas
  5 ball pythons
  4 kobolds
  A rat (D:1)
48 creatures vanquished.

Notes
Turn   | Place    | Note
-------+----------+-------------------------------------------
     0 | D:1      | qw the Gargoyle Hunter began the quest for the Orb.
     0 | D:1      | Reached XP level 1. HP: 12/12 MP: 1/1
     0 | D:1      | 0 ||| qw: Version: 0.3-a-76-g4403597
     0 | D:1      | 0 ||| qw: Game counter: 1151
     0 | D:1      | 0 ||| qw: Melee chars always use a shield: true
     0 | D:1      | 0 ||| qw: God list: Okawaru
     0 | D:1      | 0 ||| qw: Allow faded altars: false
     0 | D:1      | 0 ||| qw: Do Orc after clearing Dungeon:15 true
     0 | D:1      | 0 ||| qw: Do second Lair branch before Depths: true
     0 | D:1      | 0 ||| qw: Lair rune preference: random
     0 | D:1      | 0 ||| qw: Goals: Normal
     0 | D:1      | 0 ||| PLANNING D:1-11
   235 | D:1      | Reached XP level 2. HP: 17/17 MP: 2/2
   672 | D:1      | 672 ||| UPGRADING to +0 ring mail.
   682 | D:1      | 682 ||| DROPPING +0 leather armour.
   683 | D:1      | 683 ||| READING scroll labelled QIR TUOV LUXT.
   684 | D:1      | 684 ||| READING 2 scrolls labelled QEOLOD LYTIUFY.
   685 | D:1      | 685 ||| READING 2 scrolls labelled KIOGROSIMY.
   690 | D:1      | 690 ||| DROPPING scroll of butterflies.
   727 | D:2      | Noticed Jessica
   732 | D:2      | 732 ||| Stepping ~*~*~tactically~*~*~ (outnumbered).
   739 | D:2      | Killed Jessica
   740 | D:2      | Reached XP level 3. HP: 16/21 MP: 3/3
   922 | D:2      | Reached skill level 5 in Ranged Weapons
   922 | D:2      | Reached XP level 4. HP: 26/26 MP: 4/4
  1439 | D:2      | 1439 ||| UPGRADING to +5 ring of evasion.
  1440 | D:2      | 1440 ||| READING scroll labelled TUIHO MAXIORORR.
  1533 | D:3      | Noticed Pargi
  1539 | D:3      | 1539 ||| STAIRDANCE
  1551 | D:2      | Killed Pargi
  1552 | D:2      | Reached XP level 5. HP: 34/34 MP: 5/5
  1574 | D:3      | Identified the +1 sling of Broken Luck {speed, rF- rCorr
                  | Str+9 Int+2}
  1576 | D:3      | 1576 ||| SWAPPING to +1 sling of Broken Luck {speed, rF-
                  | rCorr Str+9 Int+2}.
  1601 | D:3      | Found a runed translucent door.
  1602 | D:3      | Noticed Crazy Yiuf
  1790 | D:3      | 1790 ||| FLEEEEING.
  1828 | D:3      | 1828 ||| DROPPING +1 sling of draining.
  2153 | D:3      | 2153 ||| READING 2 scrolls labelled AREFIBEMAUK.
  2254 | D:3      | 2254 ||| READING scroll labelled VIANYL UPOR.
  2255 | D:3      | 2255 ||| DROPPING scroll of silence.
  2322 | D:4      | Reached XP level 6. HP: 39/39 MP: 6/6
  2365 | D:4      | Reached skill level 6 in Ranged Weapons
  2365 | D:4      | 2365 ||| FLEEEEING.
  2366 | D:4      | 2366 ||| FLEEEEING.
  2369 | D:4      | 2369 ||| FLEEEEING.
  2386 | D:4      | HP: 7/39 [something/magic dart (4)]
  2391 | D:4      | HP: 3/39 [something (1)]
  2399 | D:4      | Killed from afar by an orc wizard

Levels and vault maps discovered:
D:1:      mrwooster_arrival_statue_3, layout_basic
D:2:      layout_basic, uniq_jessica
D:3:      layout_rooms, uniq_pargi, uniq_crazy_yiuf_cottage
D:4:      layout_rooms, nicolae_gozag_seed_capital, dreamdust_gnoll_farm

Skill      XL: |  1  2  3  4  5  6 |
---------------+-------------------+-----
Armour         | 2 |  2.2
Ranged Weapons | 5 6 |  6.1
Fighting       | 4 |  4.4
Dodging        | |  1.5
Stealth        | |  1.1

Action                     |  1- 3 |  4- 6 || total
---------------------------+-------+-------++-------
   Fire: Shortbow          |    79 |    42 ||   121
         Sling             |       |    90 ||    90
    Use: Scroll            |     3 |     3 ||     6
 Armour: Leather armour    |    10 |       ||    10
         Ring mail         |    19 |    48 ||    67
  Dodge: Dodged            |    21 |    67 ||    88

Table legend:
 A = Non-vault XP
 B = Vault XP
 C = Vault XP percentage of total XP
 D = Non-vault monster count
 E = Vault monster count
 F = Vault count percentage of total count
                 A         B        C        D         E       F
            +---------+---------+-------+---------+---------+-------
      Total |     285 |     169 |  37.2 |      46 |       2 |   4.2
            +---------+---------+-------+---------+---------+-------
        D:1 |      17 |       0 |   0.0 |      11 |       0 |   0.0
        D:2 |      68 |     169 |  71.3 |      16 |       2 |  11.1
        D:3 |      55 |       0 |   0.0 |      10 |       0 |   0.0
        D:4 |     145 |       0 |   0.0 |       9 |       0 |   0.0
            +---------+---------+-------+---------+---------+-------
